 Dungeon Crawl Stone Soup version 0.32-a0-391-gce5c0aab1b (webtiles) character file.

Game seed: 11610954340361326940

110 Newt the Trooper (level 4, -5/30 HPs)
             Began as a Gargoyle Fighter on Feb 19, 2024.
             Slain by an orc
             ... wielding a +0 flail
              (8 damage)
             ... on level 3 of the Dungeon.
             The game lasted 00:01:18 (1572 turns).

Newt the Trooper (Gargoyle Fighter)                 Turns: 1572, Time: 00:01:19

Health: -5/30      AC: 10    Str: 22    XL:     4   Next: 91%
Magic:  4/4        EV:  9    Int:  8    God:
Gold:   195        SH:  4    Dex:  9    Spells: 3/3 levels left

rFire   + . .        a - +0 flail
rCold   + . .        c - +0 buckler
rNeg    + . .        b - +0 scale mail
rPois   ∞            (no helmet)
rElec   +            (no cloak)
rCorr   +            (no gloves)
SInv    .            (no boots)
Will    .....        (no amulet) Stlth
                     (no ring)
HPRegen 0.25/turn    (no ring)
MPRegen 0.09/turn

%: no passive effects
@: resistant (expiring)
A: sickness immunity, AC +3, negative energy resistance 1, electricity
resistance, torment resistance 1, petrification resistance
a: no special abilities


You were on level 3 of the Dungeon.
You visited 1 branch of the dungeon, and saw 3 of its levels.

You collected 195 gold pieces.

Inventory:

Hand Weapons
 a - a +0 flail (weapon)
Armour
 b - a +0 scale mail (worn)
 c - a +0 buckler (worn)
Scrolls
 h - 3 scrolls of fog
 k - a scroll of noise
Potions
 d - a potion of might
 e - a potion of brilliance


   Skills:
 + Level 4.3 Fighting
 * Level 4.1 Maces & Flails
 - Level 3.2 Armour
 - Level 3.2 Shields


You had 3 spell levels left.
You didn't know any spells.
Your spell library was empty.

Dungeon Overview and Level Annotations

Branches:
Dungeon (3/15)

Altars:


Innate Abilities, Weirdness & Mutations

You are immune to sickness and miasma.
Your stone body is resilient. (AC +3)
You are immune to poison.
You resist negative energy. (rN+)
You are resistant to electric shocks. (rElec)
You are resistant to unholy torment.
You are immune to petrification.


Message History

The orc is severely wounded.
The orc hits you but does no damage.
You hit the orc.
You kill the orc!
You flicker back into view.
The orc is attracted toward you.
You barely miss the orc. The orc barely misses you.
You hit the orc but do no damage. You block the orc's attack.
The orc barely misses you.
You hit the orc.
The orc is lightly wounded.
You block the orc's attack.
You hit the orc but do no damage.
The orc is lightly wounded.
The orc closely misses you.
You barely miss the orc.
The orc is lightly wounded.
The orc hits you but does no damage.
You barely miss the orc.
The orc is lightly wounded.
You block the orc's attack. The orc hits you but does no damage.
You closely miss the orc.
The orc is lightly wounded.
The orc closely misses you.
You sock the orc!
You kill the orc!
You hit the orc but do no damage. The orc closely misses you.
You feel less attractive to monsters.
You closely miss the orc. The orc hits you with a +0 flail.
* * * LOW HITPOINT WARNING * * *
The orc hits you with a +0 flail.
* * * LOW HITPOINT WARNING * * *
You closely miss the orc. The orc barely misses you.
You completely miss the orc. The orc barely misses you.
You hit the orc but do no damage. You block the orc's attack.
You barely miss the orc.
You start to feel less resistant.
The orc hits you but does no damage.
You closely miss the orc. The orc hits you with a +0 flail!
You die...

. . ... . #..
.... #.##
.#.. ... ...
#.. #.# #.#
#.# #o# #.#
#@# ##.# #.#
##.#### #.#
..[...#
######.#
......##
#......#
.......#
#.######
.......# #.#
.......####.#
.........##.#


You could see an orc.

Vanquished Creatures
  An orc wizard (D:3)
  3 adders (D:2)
  3 dart slugs
  2 orcs (D:3)
  3 endoplasms
  A giant cockroach (D:2)
  4 hobgoblins
  A quokka (D:2)
  3 ball pythons
  3 bats
  2 frilled lizards (D:2)
  2 goblins (D:2)
  2 kobolds
  A rat (D:1)
31 creatures vanquished.

Notes
Turn   | Place    | Note
-------+----------+-------------------------------------------
     0 | D:1      | Newt the Gargoyle Fighter began the quest for the Orb.
     0 | D:1      | Reached XP level 1. HP: 14/14 MP: 1/1
   371 | D:1      | Reached XP level 2. HP: 19/19 MP: 2/2
   926 | D:2      | Reached XP level 3. HP: 20/24 MP: 3/3
  1091 | D:2      | Reached XP level 4. HP: 29/29 MP: 4/4
  1572 | D:3      | Slain by an orc

Illustrated notes

Levels and vault maps discovered:
D:1:      scummos_arrival_star, layout_loops_corners
D:2:      layout_rooms
D:3:      layout_basic, hellmonk_ecumenical_altar_leap_of_faith

Skill      XL: |  1  2  3  4 |
---------------+-------------+-----
Maces & Flails | 3 4 |  4.1
Fighting       | 4 |  4.3
Armour         | |  3.2
Shields        | |  3.2

Action                     |  1- 3 |  4- 6 || total
---------------------------+-------+-------++-------
  Melee: Flail             |    79 |    68 ||   147
    Use: Scroll            |     3 |     1 ||     4
         Potion            |       |     5 ||     5
   Stab: Invisible         |       |     1 ||     1
 Armour: Scale mail        |    63 |    41 ||   104
         Skin              |       |    12 ||    12
  Dodge: Dodged            |    60 |    17 ||    77
  Block: Buckler           |    18 |     9 ||    27

Table legend: (Time is in decaauts)
 A = Elapsed time spent in this place.
 B = Non-inter-level travel time spent in this place.
 C = Inter-level travel time spent in this place.
 D = Time resting spent in this place.
 E = Time spent auto-exploring this place.
 F = Levels seen in this place.
 G = Mean time per level.
                   A        B        C        D        E       F      G
               +--------+--------+--------+--------+--------+-----+--------+
         Total |   1609 |   1582 |     27 |      0 |   1295 |   3 |  536.3 |
       Dungeon |   1609 |   1582 |     27 |      0 |   1295 |   3 |  536.3 |
               +--------+--------+--------+--------+--------+-----+--------+

Top non-repeatable levels by time:
     D:1: 882 daAuts
     D:2: 554 daAuts
     D:3: 173 daAuts
